 Dungeon Crawl Stone Soup version 0.31.0-12-g77e489cdc1 (webtiles) character file.

Game seed: 13411583440462940404

32262 bearlyready the Brawler (level 13, -2/105 (118) HPs)
             Began as a Troll Shapeshifter on Feb 11, 2024.
             Was an Initiate of Gozag.
             Killed from afar by a laughing skull (37 damage)
             ... with a bolt of negative energy
             ... on level 2 of the Abyss.
             The game lasted 00:21:49 (11498 turns).

bearlyready the Brawler (Troll Shapeshifter)       Turns: 11498, Time: 00:21:49

HP:   -2/105 (118)  AC:  6    Str: 29    XL:     13   Next: 30%
MP:   12/12         EV: 15    Int:  6    God:    Gozag
Gold: 4235          SH:  0    Dex:  9    Spells: 12/12 levels left

rFire   . .          .
                       - Unarmed
rCold   . . .        (no shield)
rNeg    . . .        a - melded +0 animal skin
rPois   .            (helmet restricted)
rElec   .            (no cloak)
rCorr   .            (gloves unavailable)
SInv    .            (boots unavailable)
Will    .....        (no amulet)
Stlth   +            o - +4 ring of protection
HPRegen 0.00/turn    y - +5 ring of evasion
MPRegen 0.13/turn

%: no passive effects
@: maw-form, sick, heavily drained
A: devouring maw, large, unfitting armour, claws 3, regeneration 1, shaggy fur
1, tough skin 1
a: Begin Untransformation, Renounce Religion, Potion Petition, Call Merchant,
Bribe Branch


You were on level 2 of the Abyss.
You worshipped Gozag.
Gozag was most pleased with you.
You were a creature with a mouth for a stomach.
You visited 3 branches of the dungeon, and saw 17 of its levels.
You visited the Abyss 1 time.

You collected 4593 gold pieces.
You spent 156 gold pieces at shops.
You paid 202 gold pieces to Gozag.

Inventory:

Missiles
 b - 7 large rocks
 f - 10 javelins
 h - 16 poisoned darts
 k - 147 stones
 x - 14 boomerangs (quivered)
 L - 6 datura-tipped darts
 S - 6 curare-tipped darts
 Y - a throwing net
Armour
 a - a +0 animal skin (melded)
 r - a +0 cloak
 s - a +0 robe of fire resistance
Jewellery
 o - a +4 ring of protection (left claw)
 y - a +5 ring of evasion (right claw)
 C - a ring of ice
 F - a ring of ice
 O - a ring of wizardry
 U - the ring of the Voivode {rC+ rN+ Int+4 Slay-5}
   (You found it on level 11 of the Dungeon)

   [ring of positive energy]

   Int+4:     It affects your intelligence (+4).
   Slay-5:    It affects your accuracy & damage with ranged weapons and melee
   (-5).
   rC+:       It protects you from cold.
   rN+:       It protects you from negative energy.
Talismans
 c - a beast talisman
 d - a flux talisman
 G - a maw talisman (active)
Wands
 i - a wand of iceblast (5)
 A - a wand of flame (47)
 M - a wand of polymorph (13)
 N - a wand of acid (5)
 X - a wand of digging (4)
Scrolls
 g - 2 scrolls of teleportation
 j - 2 scrolls of torment
 l - 4 scrolls of fear
 m - 6 scrolls of vulnerability
 t - 3 scrolls of amnesia
 u - 3 scrolls of revelation
 v - 2 scrolls of poison
 z - a scroll of acquirement
 D - 3 scrolls of noise
 H - a scroll of enchant weapon
 J - a scroll of brand weapon
 K - a scroll of enchant armour
 Q - 5 scrolls of identify
 W - a scroll of silence {unknown}
Potions
 e - 2 potions of ambrosia
 n - 7 potions of heal wounds
 p - 2 potions of invisibility
 q - 6 potions of curing
 w - 3 potions of mutation
 B - 3 potions of brilliance
 E - a potion of haste
 I - a potion of magic
 P - 2 potions of attraction
 T - 2 potions of cancellation
 V - a potion of lignification
Miscellaneous
 R - a condenser vane


   Skills:
 - Level 5.0 Fighting
 - Level 4.3 Throwing
 + Level 2.5 Armour
 + Level 3.1 Dodging
 + Level 15.0 Unarmed Combat
 - Level 2.1 Evocations
 + Level 13.9 Shapeshifting


You had 12 spell levels left.
You didn't know any spells.
Your spell library contained the following spells:

 Spells                   Type           Power      Damage    Failure   Level
 Apportation              Tloc           0%         N/A       45%         1
 Foxfire                  Conj/Fire      0%         2x1d4     45%         1
 Freeze                   Ice            0%         1d3       45%         1
 Magic Dart               Conj           0%         1d3       45%         1
 Blink                    Tloc           0%         N/A       58%         2
 Call Imp                 Summ           0%         N/A       58%         2
 Jinxbite                 Hex            0%         N/A       58%         2
 Lesser Beckoning         Tloc           0%         N/A       58%         2
 Mercury Vapours          Alch/Air       0%         N/A       58%         2
 Momentum Strike          Conj/Tloc      0%         3d8       58%         2
 Scorch                   Fire           0%         2d5       58%         2
 Sublimation of Blood     Necr           0%         N/A       58%         2
 Frozen Ramparts          Ice            0%         1d1       83%         3
 Gell's Gravitas          Tloc           0%         N/A       83%         3
 Hailstorm                Conj/Ice       0%         3d5       83%         3
 Mephitic Cloud           Conj/Alch/Air  0%         N/A       83%         3
 Stone Arrow              Conj/Erth      0%         3d7       83%         3
 Teleport Other           Tloc           0%         N/A       83%         3
 Volatile Blastmotes      Fire/Tloc      0%         2d10      83%         3
 Animate Armour           Summ/Erth      0%         N/A       99%         4
 Cause Fear               Hex            0%         N/A       99%         4
 Flame Wave               Conj/Fire      0%         2d4       99%         4
 Fulminant Prism          Conj/Alch      0%         3d5       99%         4
 Ignite Poison            Fire/Alch      0%         N/A       99%         4
 Iskenderun's Mystic Bla  Conj/Tloc      0%         2d3       99%         4
 Sticky Flame             Fire/Alch      0%         2d4       99%         4
 Alistair's Intoxication  Alch           0%         N/A       100%        5
 Borgnjor's Vile Clutch   Necr/Erth      0%         N/A       100%        5
 Fireball                 Conj/Fire      0%         3d3       100%        5
 Freezing Cloud           Conj/Ice/Air   0%         6-21      100%        5
 Silence                  Hex/Air        0%         N/A       100%        5
 Summon Forest            Summ/Tloc      0%         N/A       100%        5
 Summon Mana Viper        Hex/Summ       0%         N/A       100%        5
 Yara's Violent Unravell  Hex/Alch       0%         3d3       100%        5
 Plasma Beam              Fire/Air       0%         2x1d10    100%        6
 Starburst                Conj/Fire      0%         6d3       100%        6
 Summon Cactus Giant      Summ           0%         N/A       100%        6
 Summon Hydra             Summ           0%         N/A       100%        7
 Ignition                 Fire           0%         3d3       100%        8
 Lehudib's Crystal Spear  Conj/Erth      0%         10d2      100%        8
 Dragon's Call            Summ           0%         N/A       100%        9


Dungeon Overview and Level Annotations

Branches:
Dungeon (13/15)            Temple (0/1) D:7            Lair (2/5) D:9
  Snake (0/4) Lair:2          Orc (2/2) D:9
  Swamp: Lair:2-3    Shoals: Lair:2-3       Elf: Orc:2       Vaults: D:13-14

Altars:
Ashenzari
Cheibriados
Dithmenos
Fedhas
Gozag
Kikubaaqudgha
Makhleb
Nemelex Xobeh
Trog
Xom
Yredelemnul
Zin

Shops:
D:2 [   D:4 !*   D:6 (   D:7 [

Portals:
Trove: D:12 (give +6 demon whip)

Annotations:
D:3 1 runed translucent door, hawla's ghost, amateur DEFE
D:8 1 runed translucent door
D:12 Kirke


Innate Abilities, Weirdness & Mutations

You are a creature with a mouth for a stomach.
Your midsection houses a second, enormous mouth.
You are too large for most types of armour.
You have claws for hands.
Your natural rate of healing is unusually fast.
You are covered in fur. (AC +1)
You have tough skin. (AC +1)


Message History

You claw the raiju! Your claw misses the raiju. Your bite misses the raiju.
The raiju is heavily wounded.
You barely miss the raiju. Your claw misses the raiju.
Your bite misses the raiju.
The raiju is heavily wounded.
The raiju barely misses you.
The raiju bursts into living lightning!
The living lightning hits the raiju.
The raiju completely resists.
The living lightning hits you!
* * * LOW HITPOINT WARNING * * *
The raiju blinks! x3
You hear a hideous shriek!
You feel much better.
The laughing skull lets out a vicious peal of laugher.
The bolt of negative energy hits you!
You feel drained. The raiju completely misses you.
The laughing skull headbutts you.
* * * LOW HITPOINT WARNING * * *
Okay, then.
As you read the scroll of fear, it crumbles to dust.
You assume a fearsome visage.
The raiju looks frightened!
The laughing skull is unaffected.
The raiju looks frightened!
A laughing skull comes into view. x2
The laughing skull misses you.
The laughing skull moves out of view. [a] - 105 gold - heal wounds [b] - 230 gold - heal wounds and berserk rage [c] - 616 gold - invisibility, might and resistance Purchase which effect?
You feel much better. The laughing skull misses you.
The raiju closely misses you. The laughing skull headbutts you.
The laughing skull lets out a vicious peal of laugher.
The bolt of negative energy hits you!!
You feel drained. The raiju attacks as it pursues you!
The raiju closely misses you.
An apocalypse crab comes into view.
The raiju bursts into living lightning!
The living lightning misses you.
The raiju blinks!
The laughing skull lets out a vicious peal of laugher.
The bolt of negative energy hits you!!!
You feel drained.
You die...
The laughing skull crumbles to pieces from sheer joy.
Your body crumbles into a pile of gold.

.# .. ##. .... . #.
. #.# ...... .... ..
....#t...# .. #..# .
#......... .. . .
..h...#.. ##. . .
~...##....#... .
#..#..#h....._
.###... # ..
..........#h...# ..#
....zh####W##...
......
#...#.#....... .
#...###$#§z.##.#...
...h.#.#...# .. .
#..#..#..#...... #.
..#.##.#........ ..
..z#. ....#... .
....##..............
..... . ............


You could see an apocalypse crab (wandering), 2 raiju and a laughing skull.

Vanquished Creatures
  Erolcha (D:10)
  A hydra (Lair:2)
  3 centaur warriors
  3 boulder beetles
  A satyr (D:9)
  2 two-headed ogres
  Urug (Lair:2)
  A wretched star (Abyss:2)
  Lodul (D:10)
  An arcanist (D:9)
  A large abomination (Abyss:2)
  A deep elf pyromancer (D:9)
  A manticore (D:12)
  2 cyclopes (D:9)
  2 ugly things (D:9)
  3 cane toads (Lair:1)
  2 kobold demonologists
  A tengu conjurer (D:9)
  3 komodo dragons
  Psyche (D:10)
  2 ancient zymes (Abyss:2)
  5 trolls
  A hornet (D:10)
  Grinder (D:4)
  5 blink frogs (Lair:1)
  A wraith (D:9)
  3 wyverns (D:9)
  2 vampires (D:9)
  A wyvern (shapeshifter) (D:10)
  29 yaks
  4 hogs (D:11)
  5 basilisks
  A vampire mosquito (D:9)
  2 steam dragons
  A warg (D:12)
  Menkaure (D:4)
  2 small abominations (Abyss:2)
  3 acid dragons
  A naga (Lair:2)
  9 water moccasins
  9 orc warriors
  A sky beast (D:7)
  2 ice beasts
  3 black bears
  8 ogres
  13 centaurs
  5 kobold brigands
  2 phantoms (D:6)
  A bullfrog (Lair:1)
  A scorpion (D:3)
  A gnoll sergeant (D:9)
  13 wights
  12 killer bees
  2 howler monkeys
  2 electric eels (D:6)
  A bombardier beetle (D:3)
  2 gnoll boudas
  3 jellies
  5 orc priests
  2 hounds
  4 iguanas
  A sleepcap (D:4)
  9 starcursed masses (Abyss:2)
  Jessica (D:2)
  Ijyb (D:4)
  14 orc wizards
  Robin (D:2)
  18 gnolls
  5 adders
  2 ufetubi (D:6)
  A dart slug (D:4)
  3 ribbon worms
  37 orcs
  4 ball pythons
  2 endoplasms
  2 giant cockroaches
  22 goblins
  4 hobgoblins
  2 jackals (D:4)
  6 quokkas
  5 bats
  21 kobolds
  2 rats (D:2)
366 creatures vanquished.

Vanquished Creatures (others)
  An arcanist (D:9)
  An orc (Orc:2)
  A starspawn tentacle (Abyss:1)
3 creatures vanquished.

Grand Total: 369 creatures vanquished

Notes
Turn   | Place    | Note
-------+----------+-------------------------------------------
     0 | D:1      | bearlyready the Troll Shapeshifter began the quest for the
                  | Orb.
     0 | D:1      | Reached XP level 1. HP: 18/18 MP: 0/0
   346 | D:1      | Reached XP level 2. HP: 26/26 MP: 1/1
   758 | D:2      | Found Fouji's Antique Armour Emporium.
   777 | D:2      | Reached XP level 3. HP: 22/32 MP: 2/2
   892 | D:2      | Noticed Jessica
   893 | D:2      | Killed Jessica
   894 | D:2      | Reached skill level 4 in Unarmed Combat
   961 | D:2      | Noticed Robin
   963 | D:2      | Reached XP level 4. HP: 40/40 MP: 3/3
   989 | D:2      | Killed Robin
  1285 | D:2      | Found a faded altar of an unknown god.
  1546 | D:3      | Found a burning altar of Makhleb.
  1548 | D:3      | Found a glowing silver altar of Zin.
  1600 | D:3      | Found a runed translucent door.
  1602 | D:3      | Noticed a scorpion
  1604 | D:3      | Noticed hawla's ghost (amateur DEFE)
  1619 | D:3      | Noticed a scorpion
  1626 | D:3      | Killed a scorpion
  1627 | D:3      | Reached XP level 5. HP: 30/46 MP: 4/4
  1672 | D:3      | Reached skill level 5 in Unarmed Combat
  1705 | D:3      | Found a shimmering altar of Xom.
  1747 | D:3      | Reached XP level 6. HP: 54/54 MP: 5/5
  1753 | D:3      | Reached skill level 5 in Shapeshifting
  1932 | D:3      | Found a blossoming altar of Fedhas.
  1934 | D:3      | Found a basalt altar of Yredelemnul.
  2352 | D:4      | Found Xopeph's General Store.
  2377 | D:4      | Found a broken altar of Ashenzari.
  2431 | D:4      | Found Meuhur's Distillery.
  2460 | D:4      | Bought a potion of curing for 36 gold pieces
  2460 | D:4      | Bought a potion of heal wounds for 60 gold pieces
  2460 | D:4      | Bought a potion of heal wounds for 60 gold pieces
  2516 | D:4      | Noticed Menkaure
  2523 | D:5      | Entered Level 5 of the Dungeon
  2523 | D:5      | Noticed Grinder
  2538 | D:4      | Reached skill level 6 in Unarmed Combat
  2538 | D:4      | Reached XP level 7. HP: 29/61 MP: 6/6
  2599 | D:4      | Noticed Ijyb
  2611 | D:4      | Killed Ijyb
  2739 | D:4      | Killed Menkaure
  2808 | D:4      | Killed Grinder
  2809 | D:4      | Reached skill level 7 in Unarmed Combat
  2848 | D:5      | Reached XP level 8. HP: 51/68 MP: 7/7
  3053 | D:5      | Reached skill level 1 in Fighting
  3061 | D:5      | Reached skill level 1 in Throwing
  3457 | D:6      | Reached skill level 8 in Unarmed Combat
  3610 | D:6      | Found a shadowy altar of Dithmenos.
  3613 | D:6      | Found an ancient bone altar of Kikubaaqudgha.
  3644 | D:6      | Found Hicass's Weapon Shoppe.
  3721 | D:6      | Reached XP level 9. HP: 74/80 MP: 8/8
  4032 | D:7      | Found a sparkling altar of Nemelex Xobeh.
  4032 | D:7      | Found an opulent altar of Gozag.
  4032 | D:7      | Noticed a troll
  4039 | D:7      | Killed a troll
  4044 | D:7      | Became a worshipper of Gozag Ym Sagoz the Greedy
  4269 | D:7      | Found a staircase to the Ecumenical Temple.
  4366 | D:7      | Found Wycufuf's Armour Boutique.
  4478 | D:8      | Reached skill level 9 in Unarmed Combat
  4483 | D:8      | Reached skill level 1 in Evocations
  4634 | D:8      | Reached XP level 10. HP: 63/92 MP: 9/9
  4706 | D:8      | Found a snail-covered altar of Cheibriados.
  5016 | D:8      | Noticed a boulder beetle
  5016 | D:8      | Noticed a centaur warrior
  5017 | D:8      | Found a runed translucent door.
  5019 | D:8      | Noticed a white ugly thing
  5019 | D:8      | Noticed a meliai
  5019 | D:8      | Noticed a centaur warrior
  5019 | D:8      | Identified the +12 gold dragon scales "Cuwoc" {-Cast +Blink
                  | rPois rF+ rC+ Slay+5 SInv}
  5019 | D:8      | Noticed a meliai
  5190 | D:8      | Noticed an elephant
  5554 | D:9      | Reached skill level 5 in Fighting
  5568 | D:9      | Found a staircase to the Lair.
  5743 | D:9      | Reached skill level 10 in Unarmed Combat
  5787 | D:9      | Noticed a centaur warrior
  5791 | D:9      | Noticed a boulder beetle
  5895 | D:9      | Noticed a six-headed hydra
  5954 | D:9      | Noticed a cyclops
  6181 | D:9      | Killed a cyclops
  6182 | D:9      | Reached skill level 10 in Shapeshifting
  6244 | D:9      | Reached XP level 11. HP: 102/102 MP: 10/10
  6245 | D:9      | Noticed a centaur warrior
  6251 | D:9      | Killed a centaur warrior
  6252 | D:9      | Reached skill level 11 in Unarmed Combat
  6415 | D:9      | Got The Penultimate Guide to Theurgy
  6496 | D:9      | Noticed a two-headed ogre
  6499 | D:9      | Killed a boulder beetle
  6504 | D:9      | Killed a two-headed ogre
  6578 | D:9      | Noticed a deep elf pyromancer
  6614 | D:9      | Killed a deep elf pyromancer
  6694 | D:9      | Found a staircase to the Orcish Mines.
  6703 | D:9      | Noticed a brown ugly thing
  6704 | D:9      | Noticed a purple ugly thing
  6879 | D:10     | Entered Level 10 of the Dungeon
  6934 | D:10     | Noticed Erolcha
  6942 | D:10     | Killed Erolcha
  6943 | D:10     | Reached skill level 12 in Unarmed Combat
  7039 | D:10     | Noticed Lodul
  7055 | D:10     | Killed Lodul
  7180 | D:10     | Paralysed by a hornet for 1 turns
  7238 | D:10     | Noticed Psyche
  7242 | D:10     | Killed Psyche
  7398 | D:10     | Noticed a two-headed ogre
  7403 | D:10     | Killed a two-headed ogre
  7635 | D:11     | Reached XP level 12. HP: 90/111 MP: 11/11
  7642 | D:11     | Reached skill level 13 in Unarmed Combat
  7920 | D:11     | Identified the ring of the Voivode {rC+ rN+ Int+4 Slay-5}
  8026 | D:11     | Identified a scroll of acquirement
  8056 | D:11     | Noticed a boulder beetle
  8066 | D:11     | Killed a boulder beetle
  8142 | D:11     | You fall into a shaft and drop 2 floors!
  8155 | D:13     | Noticed a boulder beetle
  8169 | D:13     | Killed a boulder beetle
  8540 | D:12     | Found a portal to a secret trove of treasure.
  8622 | D:11     | Noticed a centaur warrior
  8633 | D:11     | Killed a centaur warrior
  8928 | D:12     | Noticed Kirke
  9112 | D:9      | Killed a centaur warrior
  9117 | D:9      | Noticed a boulder beetle
  9121 | D:9      | a boulder beetle changed into a satyr
  9121 | D:9      | Noticed a satyr
  9128 | D:9      | Killed a satyr
  9129 | D:9      | Reached skill level 14 in Unarmed Combat
  9210 | D:9      | Found a bloodstained altar of Trog.
  9891 | Orc:1    | Entered Level 1 of the Orcish Mines
  9951 | Orc:2    | Entered Level 2 of the Orcish Mines
 10022 | Orc:2    | Noticed an orc warlord
 10184 | Lair:1   | Entered Level 1 of the Lair of Beasts
 10670 | Lair:1   | Reached XP level 13. HP: 118/118 MP: 12/12
 10676 | Lair:1   | Reached skill level 1 in Armour
 11184 | Lair:2   | Noticed Urug
 11199 | Lair:2   | Killed Urug
 11245 | Lair:2   | Found a staircase to the Snake Pit.
 11257 | Abyss:1  | Cast into level 1 of the Abyss (naga)
 11298 | Abyss:1  | Noticed a tentacled starspawn
 11305 | Abyss:2  | Found a corrupted altar of Lugonu.
 11407 | Abyss:2  | Found a corrupted altar of Lugonu.
 11425 | Abyss:2  | Noticed a starcursed mass
 11450 | Abyss:2  | Reached skill level 15 in Unarmed Combat
 11498 | Abyss:2  | Found a corrupted altar of Lugonu.
 11498 | Abyss:2  | Killed from afar by a laughing skull

Illustrated notes

Levels and vault maps discovered:
D:1:      amcnicky_arrival_single_pillar, layout_loops_ring, minmay_liquid_box,
          corner_web_ring
D:2:      layout_loops_ring, serial_shops, shop, ebering_ecumenical_altar_mist,
          uniq_jessica, uniq_robin
D:3:      layout_basic, xom_teletrap_fun, nicolae_overflow_hidden_temple,
          ebering_ghost_inner_flame, roderic_lattice_a
D:4:      nicolae_cairo_tiling_large, layout_cave_pools, ashenzari_altar_1,
          serial_shops, shop, nicolae_square_shop, uniq_menkaure, uniq_ijyb
D:5:      layout_cave_pools, uniq_grinder
D:6:      layout_cave_pools, nicolae_overflow_squiral, serial_shops,
          kennysheep_mini, chequers_serial_rivers_large_b
D:7:      layout_rooms, grunt_temple_overflow_opulence,
          minmay_temple_entry_statues_pillars, serial_shops,
          nicolae_shop_tiny_real_fake_doors
D:8:      minmay_gate_of_8, layout_cave_pools, cheibriados_altar_1
D:9:      minmay_the_grid_square_5x5_4x4
          [minmay_the_grid_square_5x5_broken_cross,
          minmay_the_grid_square_5x5_trominoes,
          minmay_the_grid_square_5x5_sharp_hourglass,
          minmay_the_grid_square_5x5_two_walls_b,
          minmay_the_grid_square_5x5_tetrominoes,
          minmay_the_grid_square_5x5_prize_itemx,
          minmay_the_grid_square_5x5_prize_gold,
          minmay_the_grid_square_5x5_longway, minmay_the_grid_square_5x5_v,
          minmay_the_grid_square_5x5_prize_junk,
          minmay_the_grid_square_5x5_prize_snowflake,
          minmay_the_grid_square_5x5_fat_x, minmay_the_grid_square_5x5_minibox,
          minmay_the_grid_square_5x5_half_checkered,
          minmay_the_grid_square_5x5_plus, minmay_the_grid_square_5x5_corner],
          layout_stronghold, trog_wizard, erik_lair_dragon, orc_0_dummy
D:10:     layout_roguey, minmay_misc_feat_cross, uniq_psyche, uniq_lodul,
          uniq_erolcha
D:11:     layout_loops_cross
D:12:     layout_roguey, nicolae_trove_entry_isolated, serial_shops,
          bzr_firewalk, uniq_kirke
D:13:     layout_small_grid, serial_glass, glass_columns_b, glass_columns_b,
          nicolae_gozag_zags_fifth_avenue, uniq_snorg
Lair:1:   layout_gridlike, lemuel_fruit_tree, infiniplex_staircase_pool
Lair:2:   layout_layer_cave, minmay_shoals_entry_hut,
          minmay_snake_entry_guardpost_small, uniq_urug
Orc:1:    layout_diamond_mine
Orc:2:    st_orc_ogre_mass, layout_caves, gammafunk_ghost_necromancy,
          serial_shops, shop, shop_fountains, uniq_donald
Abyss:2:  base:
Lair:4

Skill      XL: |  1  2  3  4  5  6  7  8  9 10 11 12 13 |
---------------+----------------------------------------+-----
Unarmed Combat | 4 5 6 7 8 9 10 12 14 15 | 15.0
Shapeshifting  | 4 5 6 7 8 10 12 13 | 13.9
Fighting       | 2 4 5 |  5.0
Throwing       | 2 4 |  4.3
Evocations     | 1 2 |  2.1
Dodging        | 3 |  3.1
Armour         | 2 |  2.5

Action                     |  1- 3 |  4- 6 |  7- 9 | 10-12 | 13-15 || total
---------------------------+-------+-------+-------+-------+-------++-------
  Melee: Unarmed           |    53 |   111 |   214 |   486 |    76 ||   940
         Punch             |       |     3 |     8 |    33 |     7 ||    51
         Maw               |       |       |       |    93 |    19 ||   112
  Throw: Boomerang         |       |       |     4 |     8 |       ||    12
         Dart              |       |       |       |    10 |       ||    10
         Javelin           |       |       |       |     1 |       ||     1
         Large rock        |       |       |       |     2 |       ||     2
         Throwing net      |       |       |       |     1 |       ||     1
 Invoke: Potion Petition   |       |       |       |       |     1 ||     1
  Evoke: Wand              |       |       |     2 |     4 |     4 ||    10
         Condenser vane    |       |       |       |     3 |       ||     3
    Use: Potion            |       |       |     1 |     4 |     2 ||     7
         Scroll            |       |       |       |    27 |     1 ||    28
   Stab: Distracted        |       |       |       |     1 |     1 ||     2
 Armour: Animal skin       |    40 |    80 |   149 |   139 |       ||   408
         Skin              |       |       |       |   258 |    32 ||   290
  Dodge: Dodged            |    43 |    51 |   129 |   345 |    35 ||   603
   Form: Maw               |       |       |       |     1 |       ||     1
